 Dungeon Crawl Stone Soup version 0.18.1-5-g4a78601 (webtiles) character file.

409 Guinours the Sneak (level 7, 0/45 HPs)
             Began as a Halfling Assassin on May 12, 2016.
             Was an Initiate of Elyvilon.
             Slain by Blork the orc
             ... wielding a cursed +0 flail
              (7 damage)
             ... on level 5 of the Dungeon.
             The game lasted 00:32:27 (3381 turns).

Guinours the Sneak (Halfling Assassin)              Turns: 3381, Time: 00:32:29

Health: 0/45       AC:  6    Str: 11    XL:     7   Next: 13%
Magic:  7/7        EV: 19    Int: 10    God:    Elyvilon [......]
Gold:   146        SH:  0    Dex: 21    Spells: 0 memorised, 6 levels left

rFire  . . .     SeeInvis .     n - +3 short sword
rCold  . . .     Gourm    .     c - +0 robe
rNeg   . . .     Faith    .     (shield restricted)
rPois  .         Spirit   .     z - +1 helmet
rElec  .         Dismiss  .     d - +1 cloak
rCorr  .         Reflect  .     (no gloves)
SustAt .         Harm     .     (no boots)
MR     .....                    (no amulet)
Stlth  ++++......               (no ring)
                                B - +3 ring of dexterity

@: not resistant to hostile enchantments, stealthy
A: mutation resistance 1
a: Renounce Religion


You were on level 5 of the Dungeon.
You worshipped Elyvilon.
Elyvilon was noncommittal.
You were not hungry.

You visited 1 branch of the dungeon, and saw 5 of its levels.

You collected 146 gold pieces.

Inventory:

Hand Weapons
 a - a +2 dagger
 b - a +0 blowgun
 n - a +3 short sword (weapon)
 w - a +2 antimagic spear
Missiles
 e - 47 poisoned needles
 f - 2 curare-tipped needles
Armour
 c - a +0 robe (worn)
 d - a +1 cloak (worn)
 z - a +1 helmet (worn)
Magical Staves
 y - an uncursed staff of energy
Jewellery
 B - a +3 ring of dexterity (left hand)
Wands
 s - a wand of polymorph (24/24)
 v - a wand of iceblast (5/15)
Scrolls
 g - 3 scrolls of remove curse
Potions
 h - a potion of resistance
 i - a potion of lignification
 j - a potion of brilliance {unknown}
 k - a potion of heal wounds {unknown}
 m - a potion of haste {unknown}
 p - a potion of ambrosia {unknown}
 r - 2 potions of curing
 u - a potion of invisibility
Comestibles
 o - a meat ration
 q - a chunk of flesh
 t - a royal jelly
 C - a beef jerky


   Skills:
 + Level 2.6 Fighting
 + Level 3.6 Short Blades
 + Level 2.1 Throwing
 * Level 5.4 Dodging
 + Level 6.2 Stealth


You had 6 spell levels left.
You didn't know any spells.

Dungeon Overview and Level Annotations

Branches:
Dungeon (5/15)
 Temple: D:4-7

Altars:
Elyvilon
Okawaru

Annotations:
D:5 Blork the orc


Innate Abilities, Weirdness & Mutations

You are small and have problems with some larger weapons.
You are somewhat resistant to further mutation.


Message History

There is a stone staircase leading up here.
You hit Blork the orc.
Blork the orc is moderately wounded.
Blork the orc misses you.
You hit Blork the orc.
Blork the orc is heavily wounded.
Blork the orc closely misses you.
You hit Blork the orc.
Blork the orc is heavily wounded.
Blork the orc misses you.
You hit Blork the orc.
Blork the orc is heavily wounded.
Blork the orc misses you.
You closely miss Blork the orc.
Blork the orc is heavily wounded.
Blork the orc gestures at you while chanting.
The magic dart hits you!
* * * LOW HITPOINT WARNING * * *
Blork the orc hits you with a flail!
You die...

#.#
#.#
#.#
#.#
#.#
#.#
#o#
#@#
###


You could see Blork the orc.

Vanquished Creatures
  2 hounds
  An orc priest (D:4)
  A centaur skeleton (D:4)
  Jessica (D:3)
  Ijyb (D:3)
  A worker ant (D:4)
  Natasha (D:3)
  A hound skeleton (D:4)
  Robin (D:3)
  2 gnolls (D:4)
  3 adders
  5 worms
  A dart slug (D:1)
  5 giant geckos
  5 orcs
  A ball python (D:1)
  8 giant cockroaches
  10 goblins
  10 hobgoblins
  17 jackals
  5 kobolds
  A quokka (D:3)
  5 bats
  4 giant newts
  7 rats
99 creatures vanquished.

Notes
Turn   | Place    | Note
--------------------------------------------------------------
     0 | D:1      | Guinours the Halfling Assassin began the quest for the Orb.
     0 | D:1      | Reached XP level 1. HP: 14/14 MP: 1/1
   134 | D:1      | Reached XP level 2. HP: 19/19 MP: 2/2
   201 | D:1      | Reached skill level 5 in Stealth
   665 | D:1      | Reached XP level 3. HP: 24/24 MP: 3/3
  1184 | D:2      | Found an iron altar of Okawaru.
  1349 | D:2      | Found a white marble altar of Elyvilon.
  1541 | D:2      | Reached XP level 4. HP: 28/29 MP: 4/4
  1547 | D:2      | Became a worshipper of Elyvilon the Healer
  1576 | D:3      | Noticed Robin
  1582 | D:3      | Noticed Ijyb
  1628 | D:3      | Noticed Jessica
  1645 | D:3      | Killed Jessica
  1645 | D:3      | Reached XP level 5. HP: 32/34 MP: 5/5
  1686 | D:3      | Killed Ijyb
  1949 | D:4      | Reached skill level 6 in Stealth
  1949 | D:4      | Reached XP level 6. HP: 7/40 MP: 6/6
  2227 | D:4      | HP: 2/41 [poisoned by an adder]
  2459 | D:3      | Killed Robin
  2473 | D:3      | Noticed Natasha
  2643 | D:3      | Killed Natasha
  2954 | D:4      | Reached skill level 5 in Dodging
  3158 | D:4      | Reached XP level 7. HP: 39/45 MP: 7/7
  3347 | D:4      | Noticed Blork the orc
  3376 | D:5      | Entered Level 5 of the Dungeon
  3381 | D:5      | Slain by Blork the orc

Skill      XL: |  1  2  3  4  5  6 |
---------------+-------------------+-----
Fighting       | 2 |  2.6
Stealth        | 5 6 |  6.2
Dodging        | 2 3 5 |  5.4
Short Blades   | 3 |  3.6
Throwing       | |  2.1

Action                   |  1- 3 |  4- 6 |  7- 9 || total
-------------------------+-------+-------+-------++-------
Melee: Dagger            |    58 |       |       ||    58
       Short sword       |    49 |   202 |    34 ||   285
  Use: Scroll            |     4 |     2 |       ||     6
       Potion            |       |     2 |       ||     2
 Stab: Sleeping          |    11 |     7 |       ||    18
       Distracted        |     1 |     2 |       ||     3
  Eat: Bread ration      |     1 |       |       ||     1
       Meat ration       |       |     1 |       ||     1
Armor: Robe              |    19 |    29 |     4 ||    52
Dodge: Dodged            |    63 |   152 |    43 ||   258
